 Dungeon Sprint DCSS version 0.31.0-9-g3a7656b989 (webtiles) character file.

Game seed: 5842753029255593543

545 Heoruswealwe the Spear-Bearer (level 7, -9/71 HPs)
             Began as a Minotaur Fighter on Feb 6, 2024.
             Killed from afar by an acid dragon (28 damage)
             ... with a splash of acid
             ... in the Dungeon (Sprint IX: "|||||||||||||||||||||||||||||").
             The game lasted 00:00:57 (133 turns).

Heoruswealwe the Spear-Bearer (Minotaur Fighter)     Turns: 133, Time: 00:00:57

Health: -9/71      AC:  8    Str: 22    XL:     7   Next: 6%
Magic:  6/6        EV:  9    Int:  5    God:
Gold:   0          SH:  4    Dex: 10    Spells: 6/6 levels left

rFire   . . .        a - +0 trident
rCold   . . .        d - +0 buckler
rNeg    . . .        c - +0 scale mail
rPois   .            (helmet restricted)
rElec   .            (no cloak)
rCorr   .            (no gloves)
SInv    .            (no boots)
Will    .....        (no amulet) Stlth
                     (no ring)
HPRegen 0.31/turn    (no ring)
MPRegen 0.10/turn

%: no teleportation
@: no status effects
A: horns 2, retaliatory headbutt
a: no special abilities


You were in the Dungeon.
You visited 1 branch

Inventory:

Hand Weapons
 a - a +0 trident (weapon)
Armour
 c - a +0 scale mail (worn)
 d - a +0 buckler (worn)
Jewellery
 n - a +2 ring of evasion
 o - a +3 ring of strength
Wands
 m - a wand of roots (10)
Scrolls
 j - 2 scrolls of blinking
 l - 2 scrolls of amnesia
Potions
 b - a potion of might
 e - 5 potions of curing
 f - a potion of invisibility
 g - a potion of haste
 h - 2 potions of magic
 i - a potion of berserk rage
 k - 2 potions of heal wounds


   Skills:
 + Level 9.8 Fighting
 * Level 12.9 Polearms
 + Level 9.8 Armour
 - Level 3.6 Shields


You had 6 spell levels left.
You didn't know any spells.
Your spell library was empty.

Dungeon Overview and Level Annotations

Branches:
Dungeon (1/1)

Altars:
Cheibriados
Dithmenos
Elyvilon
Fedhas
Gozag
Hepliaklqana
Kikubaaqudgha
Makhleb
Nemelex Xobeh
Okawaru
Qazlal
Ru
Sif Muna
Trog
Uskayaw
Vehumet
Wu Jian
Xom
Yredelemnul
Zin
The Shining One
Jiyva
Lugonu


Innate Abilities, Weirdness & Mutations

You have a pair of horns on your head.
You reflexively headbutt those who attack you in melee.


Message History

You have reached level 6!
You hit the howler monkey.
The howler monkey is moderately wounded.
The howler monkey hoots and howls with incredible vigour!
You puncture the howler monkey!
You kill the howler monkey!
You hit the yak. You headbutt the yak, but do no damage.
The yak is lightly wounded.
The yak gores you.
You barely miss the yak.
The yak is lightly wounded.
The yak gores you.
You puncture the yak!
The yak is moderately wounded.
You puncture the yak! Your headbutt misses the yak.
The yak is severely wounded.
The yak gores you but does no damage.
You puncture the yak!
The yak is almost dead.
The yak gores you.
You barely miss the yak. You headbutt the yak!
You kill the yak!
Your Fighting skill increases to level 9!
Your Polearms skill increases to level 12!
Your Armour skill increases to level 9!
You puncture the wight!
The wight is severely damaged.
You hit the wight but do no damage.
The wight is severely damaged.
The wight hits you with a +0 hand axe.
* * * LOW HITPOINT WARNING * * *
You hit the wight but do no damage.
The wight is severely damaged.
The wight closely misses you.
You hit the wight. You headbutt the wight.
You destroy the wight!
You have reached level 7!
The acid dragon spits acid at you. The splash of acid hits you!!
You die... ▓▓▓▓▓▓▓▓▓▓▓▓▓▓▓▓▓▓▓▓▓▓▓▓ ______'!.).[[[..@DK....+ ▓▓▓▓▓▓▓▓▓▓▓▓▓▓▓▓▓▓▓▓▓▓▓▓

You could see an acid dragon (catching breath) and a kobold brigand.

Vanquished Creatures
  A yak (D)
  A wyvern (D)
  A phantom (D)
  A wight (D)
  A howler monkey (D)
  An orc priest (D)
  An iguana (D)
  An adder (D)
  A white imp (D)
  An endoplasm (D)
  A goblin (D)
  A hobgoblin (D)
  A quokka (D)
  A rat (D)
14 creatures vanquished.

Notes
Turn   | Place    | Note
-------+----------+-------------------------------------------
     0 | D        | Heoruswealwe the Minotaur Fighter began the quest for the
                  | Orb.
     0 | D        | Reached XP level 1. HP: 19/19 MP: 0/0
     6 | D        | Reached skill level 3 in Polearms
    42 | D        | Noticed an orc priest
    42 | D        | Noticed an iguana
    42 | D        | Noticed a phantom
    45 | D        | Killed an orc priest
    46 | D        | Reached skill level 5 in Fighting
    46 | D        | Reached skill level 5 in Polearms
    46 | D        | Reached skill level 5 in Armour
    46 | D        | Reached XP level 2. HP: 29/29 MP: 1/1
    46 | D        | Reached XP level 3. HP: 36/36 MP: 2/2
    52 | D        | Reached skill level 6 in Polearms
    56 | D        | Reached skill level 7 in Polearms
    61 | D        | Killed a phantom
    62 | D        | Reached skill level 8 in Polearms
    62 | D        | Reached XP level 4. HP: 28/47 MP: 3/3
    62 | D        | Reached XP level 5. HP: 31/52 MP: 4/4
    69 | D        | Reached skill level 9 in Polearms
    74 | D        | Found a snail-covered altar of Cheibriados.
    74 | D        | Found a shadowy altar of Dithmenos.
    74 | D        | Found a white marble altar of Elyvilon.
    74 | D        | Found a blossoming altar of Fedhas.
    74 | D        | Found an opulent altar of Gozag.
    75 | D        | Found a hazy altar of Hepliaklqana.
    76 | D        | Found a viscous altar of Jiyva.
    77 | D        | Found an ancient bone altar of Kikubaaqudgha.
    78 | D        | Found a corrupted altar of Lugonu.
    79 | D        | Found a burning altar of Makhleb.
    80 | D        | Found a sparkling altar of Nemelex Xobeh.
    81 | D        | Found an iron altar of Okawaru.
    82 | D        | Found a stormy altar of Qazlal.
    83 | D        | Found a sacrificial altar of Ru.
    84 | D        | Found a shimmering blue altar of Sif Muna.
    85 | D        | Found a bloodstained altar of Trog.
    86 | D        | Found a hide-covered altar of Uskayaw.
    87 | D        | Found a radiant altar of Vehumet.
    88 | D        | Found an ornate altar of the Wu Jian Council.
    89 | D        | Found a shimmering altar of Xom.
    90 | D        | Found a basalt altar of Yredelemnul.
    91 | D        | Found a glowing silver altar of Zin.
    92 | D        | Found a glowing golden altar of the Shining One.
   116 | D        | Noticed a wyvern
   116 | D        | Noticed a yak
   116 | D        | Noticed an acid dragon
   120 | D        | Killed a wyvern
   121 | D        | Reached skill level 11 in Polearms
   121 | D        | Reached XP level 6. HP: 28/62 MP: 5/5
   128 | D        | Killed a yak
   129 | D        | Reached skill level 12 in Polearms
   133 | D        | Reached XP level 7. HP: 19/71 MP: 6/6
   133 | D        | Killed from afar by an acid dragon

Illustrated notes

Levels and vault maps discovered:
D:        linesprint [early_d, line_temple, items_1, d_10, items_2, lair_1,
          lair_end, items_3, orc_1, orc_end, items_4, d_15, swamp_1, shoals_1,
          snake_1, spider_1, d_20, vaults_1, items_5, swamp_end, shoals_end,
          snake_end, spider_end, vaults_end, d_27, items_6, zot_1, zot_end,
          crypt_end, forest_end, elf_end, slime_end, tomb_end, abyss_end,
          pan_hell_end]

Skill      XL: |  1  2  3  4  5  6 |
---------------+-------------------+-----
Polearms       | 5 8 11 12 | 12.9
Fighting       | 5 7 8 9 |  9.8
Armour         | 5 7 8 9 |  9.8
Shields        | |  3.6

Action                     |  1- 3 |  4- 6 |  7- 9 || total
---------------------------+-------+-------+-------++-------
  Melee: Trident           |    28 |    23 |       ||    51
         Headbutt          |     4 |     3 |       ||     7
    Use: Potion            |     1 |       |       ||     1
 Armour: Scale mail        |    13 |     8 |     1 ||    22
  Dodge: Dodged            |     7 |     5 |       ||    12
  Block: Buckler           |     4 |     5 |       ||     9
